 Seeded DCSS version 0.29.1-12-g30fa7ad0bf (webtiles) character file.

Game seed: 9845822215292249863 (custom seed)

35 Sanktem7 the Trooper (level 3, 33/33 HPs)
             Began as a Minotaur Fighter on Jan 7, 2023.
             Quit the game on level 1 of the Dungeon.
             The game lasted 00:02:22 (914 turns).

Sanktem7 the Trooper (Minotaur Fighter)              Turns: 914, Time: 00:02:22

Health: 33/33      AC:  7    Str: 22    XL:     3   Next: 16%
Magic:  2/2        EV:  9    Int:  9    God:
Gold:   1248       SH:  5    Dex: 12    Spells: 2/2 levels left

rFire   . . .      SeeInvis .   a - +0 war axe {axe}
rCold   . . .      Faith    .   c - +0 buckler
rNeg    . . .      Spirit   .   b - +0 scale mail
rPois   +          Reflect  .   (helmet restricted)
rElec   .          Harm     .   (no cloak)
rCorr   +          Rampage  .   (no gloves)
Will    .....                   (no boots)
Stlth   ..........              (no amulet)
HPRegen 0.11/turn               g - ring of Iprefrid {rPois Will- rCorr Int+4 Dex+3}
MPRegen 0.08/turn               (no ring)

@: studying Fighting
A: horns 2, retaliatory headbutt
a: no special abilities


You were on level 1 of the Dungeon.
You visited 1 branch of the dungeon, and saw 1 of its levels.

You collected 1248 gold pieces.


Innate Abilities, Weirdness & Mutations

You have a pair of horns on your head.
You reflexively headbutt those who attack you in melee.


   Skills:
 * Level 4.2 Fighting
 * Level 3.2 Axes
 + Level 3.9 Armour
 + Level 4.0 Shields


You had 2 spell levels left.
You didn't know any spells.
Your spell library was empty.

Inventory:

Hand Weapons
 a - a +0 war axe (weapon) {axe}
Missiles
 k - 14 stones (quivered) {throwing}
 n - 5 poisoned darts {throwing}
Armour
 b - a +0 scale mail (worn)
 c - a +0 buckler (worn)
Magical Staves
 h - a staff of conjuration {!a@e2staff}
   (You found it on level 1 of the Dungeon)
Jewellery
 g - the ring of Iprefrid (left hand) {rPois Will- rCorr Int+4 Dex+3}
   (You acquired it on level 1 of the Dungeon)

   [ring of resist corrosion]

   Int:       It affects your intelligence (+4).
   Dex:       It affects your dexterity (+3).
   rPois:     It protects you from poison.
   rCorr:     It protects you from acid and corrosion.
   Will:      It decreases your willpower.
 j - a ring of willpower
   (You found it on level 1 of the Dungeon)
 l - an amulet of the acrobat
   (You found it on level 1 of the Dungeon)
Scrolls
 e - a scroll of teleportation {unknown}
 f - a scroll of identify {unknown}
 m - a scroll of amnesia {unknown}
Potions
 d - a potion of might
 i - a potion of magic {unknown}
 o - a potion of curing {unknown}
 p - a potion of heal wounds {unknown}

Dungeon Overview and Level Annotations

Branches:
Dungeon (1/15) Zot: 5072

Altars:

.....# #.#.# #.#........#†##
.....####...#######.##.#...#.#.##
........##..##......#......#.#.##
.....##.##..##'######..#...#.#.##
.....##.##..#....# #..#...###.##
.....##.#...'....# #..#........#
.....##.#..##....# #..#..####..#
#....##.....+....# #..#.........
#...)####.###...@####..#.######..
#....# #.# #....'.#####.##......
#....# #.# #....#.# #.##.###.#
#....####+###....#.# #.##.###.#
...........##....#.# ##.........
...........##....#.# ##...##.###.
......†....##....#.###..####.# #.
...........#######..#..#####.# #.
...........# ##...)......# #.


There were no monsters in sight!


Message History

No target in view!
A bat comes into view.
The bat moves out of view.
A bat is nearby!
A bat is nearby!
A bat is nearby!
You see here a bat corpse.
You block the bat's attack. The bat barely misses you.
The bat hits you but does no damage. The bat hits you.
The bat barely misses you.
You closely miss the bat. Your headbutt misses the bat.
The bat hits you but does no damage. The bat closely misses you.
You miss the bat. The bat hits you but does no damage.
You closely miss the bat. Your headbutt misses the bat.
You block the bat's attack. x2
You barely miss the bat. Your headbutt misses the bat.
The bat barely misses you. You furiously retaliate!
You headbutt the bat.
You kill the bat!
No target in view!
No target in view!
Key pressed, stopping explore.
You now have 23 gold pieces (gained 11).
You see here a bat corpse.
Key pressed, stopping explore.
You now have 31 gold pieces (gained 8).
You see here a +0 robe.
An endoplasm comes into view.
The endoplasm quivers. 😎 HP[+4]
Your hp is fully restored (33).
An endoplasm is nearby!
You hit the endoplasm but do no damage.
The endoplasm hits you but does no damage.
You slash the endoplasm!
You kill the endoplasm!
No target in view!
No target in view!
No target in view!
No target in view!
No target in view!
No target in view!
No target in view!
No target in view!
No target in view!
Found a stone staircase leading down.
g - 3 scrolls labelled VOSEFAQATU (gained 1)
A kobold comes into view. It is wielding a +0 whip.
The kobold shouts!
A kobold is nearby!
A kobold is nearby!
The kobold throws a stone.
The stone hits you but does no damage.
You slash the kobold!
You kill the kobold!
No target in view!
No target in view!
No target in view!
No target in view!
No target in view!
No target in view!
No target in view!
No target in view!
No target in view!
No target in view!
No target in view!
No target in view!
No target in view!
No target in view!
No target in view!
No target in view!
k - 14 stones {throwing} (gained 2)
You see here a +0 whip {mace}.
You see here a +0 whip {mace}.
Key pressed, stopping explore.
There is a shaft here.
There is a stone staircase leading down here.
You open the door.
There is an open door here.
You open the door.
There is an open door here.
Key pressed, stopping explore.
You see here a ball python skeleton.
You see here a ball python skeleton.
Done exploring.
Done exploring.
There is a stone staircase leading down here.
This is a scroll of acquirement!
Something appears at your feet! Something appears at your feet!
You see here a manual of Fighting.
Something appears at your feet!
g - the ring of Iprefrid {rPois Will- rCorr Int+4 Dex+3} You pick up a manual of Fighting {!d} and begin studying.
You now have 1248 gold pieces (gained 1217).
You feel clever.
You feel agile.
g - the ring of Iprefrid (left hand) {rPois Will- rCorr Int+4 Dex+3} You can't go up here!
You open the door.
There is an open door here.
Are you sure you want to abandon this character and quit the game? (Confirm with "yes".)

Skill      XL: |  1  2 |
---------------+-------+-----
Fighting       | 4 |  4.2
Axes           | 3 |  3.2
Shields        | 4 |  4.0
Armour         | |  3.9

Action                   || total
-------------------------++-------
Melee: War axe           ||    36
       Headbutt          ||     2
  Use: Scroll            ||     3
Armor: Scale mail        ||    15
Dodge: Dodged            ||    13
Block: Buckler           ||    11

Levels and vault maps discovered:
D:1:      giann_bridges, layout_basic

Notes
Turn   | Place    | Note
-------+----------+-------------------------------------------
     0 | D:1      | Sanktem7 the Minotaur Fighter began the quest for the Orb.
     0 | D:1      | Reached XP level 1. HP: 19/19 MP: 0/0
     0 | D:1      | magus.rc [v1.9.6]
   369 | D:1      | Reached XP level 2. HP: 27/27 MP: 1/1
   446 | D:1      | Reached skill level 4 in Fighting
   553 | D:1      | Reached skill level 3 in Axes
   553 | D:1      | Reached skill level 4 in Shields
   553 | D:1      | Reached XP level 3. HP: 26/33 MP: 2/2
   888 | D:1      | Identified 3 scrolls of acquirement
   888 | D:1      | Acquired the ring of Iprefrid {rPois Will- rCorr Int+4
                  | Dex+3}
   889 | D:1      | Acquired 1217 gold pieces
   890 | D:1      | Acquired a manual of Fighting
   914 | D:1      | Quit the game

Vanquished Creatures
  A gnoll (D:1)
  2 dart slugs (D:1)
  2 ball pythons (D:1)
  5 bats (D:1)
  2 endoplasms (D:1)
  A giant cockroach (D:1)
  2 goblins (D:1)
  2 kobolds (D:1)
  A quokka (D:1)
  A frilled lizard (D:1)
  A rat (D:1)
20 creatures vanquished.

Table legend:
 A = Non-vault XP
 B = Vault XP
 C = Vault XP percentage of total XP
 D = Non-vault monster count
 E = Vault monster count
 F = Vault count percentage of total count
                 A         B        C        D         E       F
            +---------+---------+-------+---------+---------+-------
      Total |      50 |       0 |   0.0 |      20 |       0 |   0.0
            +---------+---------+-------+---------+---------+-------
        D:1 |      50 |       0 |   0.0 |      20 |       0 |   0.0
            +---------+---------+-------+---------+---------+-------

Illustrated notes

Table legend:
 A = Kills in this place as a percentage of kills in entire the game.
 B = Kills by you in this place as a percentage of kills by you in the entire game.
 C = Kills by friends in this place as a percentage of kills by friends in the entire game.
 D = Other kills in this place as a percentage of other kills in the entire game.
 E = Experience gained in this place as a percentage of experience gained in the entire game.
 F = Experience gained in this place divided by the number of levels of this place that you have seen.
                   A       B       C       D       E      F
               +-------+-------+-------+-------+-------+----------------------
         Total | 100.0 | 100.0 |   N/A |   N/A | 100.0 |  50.0
       Dungeon | 100.0 | 100.0 |   N/A |   N/A | 100.0 |  50.0
               +-------+-------+-------+-------+-------+----------------------

Table legend: (Time is in decaauts)
 A = Elapsed time spent in this place.
 B = Non-inter-level travel time spent in this place.
 C = Inter-level travel time spent in this place.
 D = Time resting spent in this place.
 E = Time spent auto-exploring this place.
 F = Levels seen in this place.
 G = Mean time per level.
                   A        B        C        D        E       F      G
               +--------+--------+--------+--------+--------+-----+--------+
         Total |    928 |    907 |     21 |      0 |    775 |   1 |  928.0 |
       Dungeon |    928 |    907 |     21 |      0 |    775 |   1 |  928.0 |
               +--------+--------+--------+--------+--------+-----+--------+

Top non-repeatable levels by time:
     D:1: 928 daAuts
